 Dungeon Crawl Stone Soup version 0.21-a0-55-gb612c23 (webtiles) character file.

31839 KristoblXynda the Carver (level 13, -2/150 HPs)
             Began as a Demonspawn Gladiator on June 15, 2017.
             Was an Elder of Fedhas.
             Slain by Agnes
             ... wielding a +6 lajatang
              (19 damage)
             ... on level 14 of the Dungeon.
             The game lasted 00:55:54 (16037 turns).

KristoblXynda the Carver (Demonspawn Gladiator)    Turns: 16037, Time: 00:55:55

Health: -2/150     AC: 26    Str: 17 (19) XL:     13   Next: 28%
Magic:  0/20       EV:  2    Int: 10 (13) God:    Fedhas [****..]
Gold:   991        SH:  5    Dex: 12 (15) Spells: 10/12 levels left

rFire    + . .     SeeInvis .   s - +1 long sword (elec)
rCold    . . .     Gourm    .   e - +0 buckler
rNeg     + + +     Faith    .   (armour currently unavailable)
rPois    +         Spirit   +   (helmet currently unavailable)
rElec    .         Reflect  .   (cloak currently unavailable)
rCorr    .         Harm     .   (gloves currently unavailable)
MR       .....     NoTele   +   (boots currently unavailable)
Stlth    +.........             (no amulet)
HPRegen  0.35/turn              O - ring of protection from fire
MPRegen  0.17/turn              K - +3 ring of strength

@: tree-form
A: repulsion field 2, magic shield
a: Fungal Bloom, Evolution, Sunlight, Growth, Reproduction, Renounce Religion


You were on level 14 of the Dungeon.
You worshipped Fedhas.
Fedhas was greatly pleased with you.
You were not hungry.
You were a tree.
You visited 3 branches of the dungeon, and saw 16 of its levels.
You also visited: Labyrinth and Ossuary.

You collected 991 gold pieces.

Inventory:

Hand Weapons
 s - a +1 long sword of electrocution (weapon)
 y - the +4 mace of Variability {chaos}
   (You found it on level 8 of the Dungeon)

   Each time it hits an enemy it has a different, random effect.
 G - a +2 great sword of protection
Missiles
 d - 7 throwing nets (quivered)
Armour
 a - a +0 cloak (melded)
 c - a +0 helmet (melded)
 e - a +0 buckler (worn)
 i - a +1 pair of gloves (melded)
 A - +3 acid dragon scales (melded)
 F - a +2 plate armour of cold resistance
Jewellery
 b - a +2 ring of intelligence
 K - a +3 ring of strength (right branch)
 O - a ring of protection from fire (left branch)
 Q - an uncursed ring of protection from cold {unknown}
Wands
 o - a wand of iceblast (11/15)
 q - a wand of lightning (1/15)
 r - a wand of digging (10/24)
 B - a wand of disintegration (14/24)
 E - a wand of acid (0/15)
 J - a wand of iceblast (2/15)
 M - a wand of paralysis (0/24)
Scrolls
 j - 8 scrolls of remove curse
 k - 4 scrolls of blinking
 H - a scroll of amnesia
 L - 2 scrolls of fog
Potions
 g - 3 potions of cancellation
 h - a potion of heal wounds
 l - a potion of invisibility
 m - 4 potions of flight
 p - 5 potions of curing
 t - a potion of haste
 v - 3 potions of magic
 z - 2 potions of mutation
 I - 2 potions of degeneration
 P - a potion of brilliance {unknown}
Books
 u - the Collected Works on the Escort
   (You found it on level 6 of the Dungeon)

   Spells                             Type                      Level
   a - Call Canine Familiar           Summoning                    3
   b - Aura of Abjuration             Summoning                    5
   c - Shadow Creatures               Summoning                    6
 w - a book of the Sky

   Spells                             Type                      Level
   a - Summon Lightning Spire         Summoning/Air                4
   b - Silence                        Hexes/Air                    5
   c - Deflect Missiles               Charms/Air                   6
   d - Conjure Ball Lightning         Conjuration/Air              6
   e - Tornado                        Air                          9
 C - a book of Minor Magic

   Spells                             Type                      Level
   a - Magic Dart                     Conjuration                  1
   b - Blink                          Translocation                2
   c - Call Imp                       Summoning                    2
   d - Slow                           Hexes                        2
   e - Conjure Flame                  Conjuration/Fire             3
   f - Mephitic Cloud                 Conjuration/Poison/Air       3
Miscellaneous
 N - a lightning rod (1/4)
 R - a phial of floods (inert)
Comestibles
 f - 9 bread rations
 x - a meat ration
 D - 5 royal jellies


   Skills:
 + Level 8.8 Fighting
 - Level 10.0 Long Blades
 - Level 2.0 Throwing
 - Level 10.0 Armour
 + Level 7.8 Dodging
 - Level 4.3 Shields
 - Level 9.1 Invocations
 + Level 9.8 Evocations


You had 10 spell levels left.
You knew the following spells:

 Your Spells              Type           Power        Failure   Level  Hunger
a - Blink                 Tloc           N/A          50%         2    ###....


Dungeon Overview and Level Annotations

Branches:
Dungeon (14/15)            Temple (1/1) D:4            Lair (0/6) D:10
    Orc (1/2) D:11         Vaults (0/5) D:13

Altars:
Ashenzari
Cheibriados
Dithmenos
Elyvilon
Fedhas
Gozag
Hepliaklqana
Kikubaaqudgha
Makhleb
Nemelex Xobeh
Okawaru
Qazlal
Ru
Sif Muna
Trog
Uskayaw
Vehumet
Wu Jian
Xom
Yredelemnul
Zin
The Shining One

Shops:
D:7 (

Annotations:
D:14 Agnes


Innate Abilities, Weirdness & Mutations

((You have hoof-like feet.))
You are surrounded by a moderate repulsion field. (EV +3)
((You are completely covered in sharp spines.))
When hurt, damage is shared between your health and your magic reserves.


Message History

Press: ? - help, Shift-Dir - straight line, f/p - Agnes
Aim: Agnes, wielding an enchanted lajatang and wearing a runed robe (moderately wounded)
The thunderbolt hits Agnes.
Agnes is heavily wounded.
Agnes barely misses you.
Agnes hits you with an enchanted lajatang!
* * * LOW HITPOINT WARNING * * *
Evoke which item? (* to show all) (? for menu, Esc to quit)
Aiming: Thunderbolt
Press: ? - help, Shift-Dir - straight line, f/p - Agnes
Aim: Agnes, wielding an enchanted lajatang and wearing a runed robe (heavily wounded)
The thunderbolt hits Agnes.
Agnes is severely wounded.
Agnes splashes around in the water.
You feel much better.
Agnes hits you with an enchanted lajatang!!
* * * LOW HITPOINT WARNING * * *
Agnes hits you with an enchanted lajatang!!
You die...
Fedhas appreciates your contribution to the ecosystem.

#.## #.# #... #.#
##.####.###### ..#
#..#.i.......# ###
#.##.#######.#
#.##.# #.######
#####.##.#
#≈≈....#
.........#
#≈####.#
##.##)##.# #i#
##.##.##.# #♣#
......##.#######.#
##..####.........#
##.# ###..######
###.######..#
............#
###.###.....# #.#
#.....# #.#
#...<.#


You could see Agnes.

Vanquished Creatures
  A minotaur (Lab)
  2 vault guards (D:13)
  Harold (D:12)
  Erolcha (D:10)
  3 hydras
  4 two-headed ogres
  A centaur warrior (D:13)
  A death knight (D:14)
  A tengu warrior (D:13)
  Urug (D:11)
  A wandering mushroom (D:11)
  4 skeletal warriors (D:12)
  An orc knight (D:13)
  An ugly thing (D:10)
  An orc sorcerer (D:13)
  2 cyclopes (D:11)
  Psyche (D:9)
  2 gargoyles
  A yaktaur (D:13)
  A tengu conjurer (D:13)
  3 trolls
  3 meliai (D:14)
  A queen bee (D:8)
  2 hornets
  3 hippogriffs
  A slime creature (shapeshifter) (D:14)
  2 shadows
  Sigmund (D:5)
  A wraith (D:11)
  Eustachio (D:5)
  A human (D:13)
  2 chaos spawn (D:8)
  2 hungry ghosts
  4 basilisks (Lab)
  An acid dragon (D:13)
  A soldier ant (D:13)
  2 hell hounds (D:10)
  3 ice beasts
  5 orc warriors
  4 sky beasts
  An eye of draining (D:10)
  2 hornet zombies
  8 ogres
  14 centaurs
  A big kobold (D:7)
  14 bullfrogs
  2 water moccasin zombies
  2 scorpions
  24 killer bees
  3 howler monkeys
  A wight (D:6)
  An electric eel (D:8)
  8 crimson imps
  9 bullfrog zombies
  4 centaur zombies
  5 hounds
  8 orc priests
  Crazy Yiuf (D:7)
  2 jellies
  5 bullfrog skeletons
  4 centaur skeletons
  Ijyb (D:5)
  2 iguanas (D:9)
  18 orc wizards
  13 worker ants
  3 killer bee zombies
  2 hound skeletons
  3 hound zombies (Ossuary)
  A howler monkey zombie (Ossuary)
  13 mummies (Ossuary)
  3 gnolls (D:6)
  7 worker ant zombies
  10 adders
  3 shadow imps
  2 oozes
  5 adder zombies
  An adder skeleton (D:4)
  A worm (D:5)
  A dart slug (D:3)
  8 leopard geckos
  67 orcs
  4 bats
  5 giant cockroaches
  8 goblins
  2 hobgoblins (D:1)
  16 jackals
  14 kobolds
  5 quokkas
  2 ball pythons
  5 frilled lizards
  A giant cockroach zombie (Ossuary)
  2 jackal zombies (Ossuary)
  A leopard gecko zombie (Ossuary)
  7 rats
429 creatures vanquished.

Vanquished Creatures (collateral kills)
  2 vault guards (D:13)
  A deep elf knight (D:13)
  A black bear (D:10)
  A killer bee (D:8)
  A hound (D:8)
  A jelly (D:9)
7 creatures vanquished.

Vanquished Creatures (others)
  7 wandering mushrooms
  An ugly thing (D:11)
  A black bear (D:6)
  An ogre (D:6)
  An orc wizard (D:6)
  A worker ant (D:11)
  A jackal (D:6)
  A quokka (D:6)
  255 toadstools
  2 withered plants (Ossuary)
271 creatures vanquished.

Grand Total: 707 creatures vanquished

Notes
Turn   | Place    | Note
-------+----------+-------------------------------------------
     0 | D:1      | KristoblXynda the Demonspawn Gladiator began the quest for the Orb.
     0 | D:1      | Reached XP level 1. HP: 16/16 MP: 1/1
   502 | D:1      | Gained mutation: You are partially covered in sharp spines. [demonic ancestry]
   502 | D:1      | Reached XP level 2. HP: 21/22 MP: 2/2
   844 | D:1      | Gained mutation: When hurt, damage is shared between your health and your magic reserves. [demonic ancestry]
   844 | D:1      | Reached XP level 3. HP: 26/27 MP: 3/3
  1461 | D:2      | You fall through a shaft!
  1493 | D:3      | Found an iron altar of Okawaru.
  1538 | D:3      | Reached skill level 1 in Armour
  1592 | D:3      | Gained mutation: You have large cloven feet. [demonic ancestry]
  1592 | D:3      | Reached XP level 4. HP: 20/33 MP: 1/4
  1779 | D:3      | Reached skill level 1 in Shields
  2123 | D:3      | Gained mutation: You have hoof-like feet. [demonic ancestry]
  2123 | D:3      | Reached XP level 5. HP: 35/38 MP: 3/5
  2884 | D:4      | Found a blossoming altar of Fedhas.
  3057 | D:4      | Found a staircase to the Ecumenical Temple.
  3063 | Temple   | Entered the Ecumenical Temple
  3094 | D:4      | Gained mutation: You are surrounded by a mild repulsion field. (EV +2) [demonic ancestry]
  3094 | D:4      | Reached XP level 6. HP: 39/44 MP: 6/6
  3424 | D:4      | Found a snail-covered altar of Cheibriados.
  3490 | D:4      | Became a worshipper of Fedhas Madash
  3613 | D:4      | Found a deep blue altar of Sif Muna.
  3613 | D:4      | Found a white marble altar of Elyvilon.
  3617 | D:4      | Found an ancient bone altar of Kikubaaqudgha.
  3654 | D:4      | Found an ornate altar of the Wu Jian Council.
  3729 | D:5      | Entered Level 5 of the Dungeon
  3785 | D:5      | Noticed Eustachio
  3804 | D:5      | Found a sand-covered staircase.
  3809 | Ossuary  | Entered an ossuary
  3972 | Ossuary  | Gained mutation: You are mostly covered in sharp spines. [demonic ancestry]
  3972 | Ossuary  | Reached XP level 7. HP: 44/50 MP: 7/7
  3980 | Ossuary  | Reached skill level 5 in Long Blades
  4509 | Ossuary  | Gained mutation: You are surrounded by a moderate repulsion field. (EV +3) [demonic ancestry]
  4509 | Ossuary  | Reached XP level 8. HP: 47/56 MP: 8/8
  4831 | D:5      | Reached skill level 5 in Armour
  4831 | D:5      | Reached skill level 1 in Invocations
  5227 | D:5      | Noticed Sigmund
  5249 | D:5      | Killed Sigmund
  5251 | D:5      | Killed Eustachio
  5272 | D:5      | Noticed Ijyb
  5277 | D:5      | Killed Ijyb
  5487 | D:6      | Gained mutation: You are completely covered in sharp spines. [demonic ancestry]
  5487 | D:6      | Reached XP level 9. HP: 53/61 MP: 12/12
  5496 | D:6      | Reached * piety under Fedhas
  5651 | D:6      | Identified the Collected Works on the Escort
  5663 | D:6      | Found a shimmering altar of Xom.
  5667 | D:6      | Reached skill level 5 in Invocations
  6678 | D:7      | Found a runed door.
  6682 | D:7      | Noticed Crazy Yiuf
  6686 | D:7      | Killed Crazy Yiuf
  6855 | D:7      | Found Rirghiohu's Weapon Emporium.
  7068 | D:7      | Found an opulent altar of Gozag.
  7069 | D:7      | Found a sparkling altar of Nemelex Xobeh.
  7188 | D:7      | Reached ** piety under Fedhas
  7681 | D:8      | Reached XP level 10. HP: 62/67 MP: 15/15
  7712 | D:8      | Found a shimmering altar of Xom.
  7934 | D:8      | Paralysed by a hornet for 1 turns
  8050 | D:8      | Reached skill level 1 in Evocations
  8598 | D:9      | Found a radiant altar of Vehumet.
  8818 | D:9      | Noticed Psyche
  8824 | D:9      | Killed Psyche
  9008 | D:9      | Noticed a two-headed ogre
  9018 | D:9      | Killed a two-headed ogre
  9018 | D:9      | Reached XP level 11. HP: 72/72 MP: 17/17
  9103 | D:10     | Entered Level 10 of the Dungeon
  9103 | D:10     | Noticed a purple ugly thing
  9148 | D:10     | Killed a purple ugly thing
  9154 | D:10     | Found a staircase to the Lair.
  9580 | D:10     | Reached *** piety under Fedhas
  9667 | D:10     | Noticed Erolcha
  9690 | D:10     | Killed Erolcha
  9690 | D:10     | Reached skill level 10 in Long Blades
  9920 | D:11     | Noticed an eight-headed hydra
  9949 | D:11     | Killed a 19-headed hydra
  9949 | D:11     | Reached skill level 5 in Evocations
 10342 | D:11     | Noticed Urug
 10342 | D:11     | Noticed a cyan ugly thing
 10357 | D:11     | Killed a cyan ugly thing
 10365 | D:11     | Killed Urug
 10435 | D:11     | Learned a level 2 spell: Blink
 10838 | D:11     | Found a staircase to the Orcish Mines.
 11001 | D:11     | Noticed a five-headed hydra
 11012 | D:11     | Killed a nine-headed hydra
 11012 | D:11     | Reached skill level 10 in Armour
 11770 | Orc:1    | Entered Level 1 of the Orcish Mines
 11815 | D:12     | Paralysed by a hornet for 3 turns
 12349 | D:12     | Reached skill level 5 in Fighting
 12511 | D:12     | Noticed Harold
 12531 | D:12     | Killed Harold
 12633 | D:12     | Noticed a skeletal warrior
 12635 | D:12     | Reached XP level 12. HP: 86/86 MP: 18/18
 13101 | D:13     | Reached skill level 5 in Dodging
 13144 | D:13     | Noticed a tengu warrior
 13160 | D:13     | Killed a tengu warrior
 13426 | D:13     | Noticed a vault guard
 13518 | D:13     | Noticed a two-headed ogre
 13525 | D:13     | Killed a two-headed ogre
 13559 | D:13     | Found a labyrinth entrance.
 13565 | Lab      | Entered a labyrinth
 13674 | Lab      | Reached **** piety under Fedhas
 14438 | Lab      | Noticed a minotaur
 14452 | Lab      | Killed a minotaur
 14758 | D:13     | Noticed a vault guard
 14771 | D:13     | Killed a vault guard
 14788 | D:13     | Killed a vault guard
 15014 | D:13     | Found a gate to the Vaults.
 15014 | D:13     | Noticed a vault guard
 15014 | D:13     | Noticed a vault guard
 15021 | D:13     | Killed a vault guard
 15037 | D:13     | Killed a vault guard
 15209 | D:13     | Noticed a centaur warrior
 15219 | D:13     | Killed a centaur warrior
 15219 | D:13     | Reached XP level 13. HP: 60/98 MP: 11/19
 15647 | D:14     | Noticed a fire dragon
 15647 | D:14     | a water nymph changed into a fire dragon
 15918 | D:14     | Noticed Agnes
 16037 | D:14     | Slain by Agnes

Vault maps used:
D:1:      scummos_arrival_hexagon, minmay_heptomino_w4
D:3:      nicolae_overflow_hidden_temple, first_bread, minmay_misc_feat_doors,
          feat_on_display
D:4:      lemuel_coloured_pillars_altar, fedhas_altar_1, minitemple,
          overflow_temple_1_default, temple_green
D:5:      enter_ossuary_2, kennysheep_generic_room_4, uniq_ijyb, uniq_eustachio,
          uniq_sigmund
D:6:      xom_confusion_cloud, kennysheep_potato
D:7:      grunt_temple_overflow_opulence, serial_shops, kennysheep_little_box,
          minmay_checkerbox, uniq_crazy_yiuf_cottage
D:8:      david_nohive_1, minmay_misc_feat_cross,
          minmay_guarded_unrand_variability
D:9:      vehumet_altar_wand_db, uniq_psyche
D:10:     minmay_lair_entry_lava, kennysheep_generic_room_6, uniq_erolcha
D:11:     orc_0_dummy, uniq_urug
D:12:     interstate_on_off, uniq_harold
D:13:     grunt_vaults_entry_fortified, lab_entry_generic
D:14:     okawaru_ov_weapons_minmay, uniq_agnes, uniq_sonja, uniq_roxanne
Temple:   minmay_freezing_vapour_temple
Orc:1:    serial_shops, nicolae_shop_crystal, basic_altar, uniq_josephine,
          uniq_maurice
Lab:      nicolae_lab_dead_end
Ossuary:  ossuary_zaba_flooded

Skill      XL: |  1  2  3  4  5  6  7  8  9 10 11 12 |
---------------+-------------------------------------+-----
Throwing       | 2 |  2.0
Long Blades    | 3 4 5 6 8 9 10 | 10.0
Dodging        | 3 4 7 |  7.8
Armour         | 1 2 3 4 6 7 8 10 | 10.0
Shields        | 1 2 3 4 |  4.3
Invocations    | 4 7 9 |  9.1
Evocations     | 3 6 9 |  9.8
Fighting       | 5 8 |  8.8

Action                   |  1- 3 |  4- 6 |  7- 9 | 10-12 | 13-15 || total
-------------------------+-------+-------+-------+-------+-------++-------
Melee: Long sword        |   106 |   215 |   322 |   544 |    66 ||  1253
       Kick              |       |    63 |   102 |   208 |    32 ||   405
Invok: Fungal Bloom      |       |       |    21 |    43 |     6 ||    70
       Evolution         |       |       |       |     9 |       ||     9
Evoke: Wand              |       |       |       |     6 |    15 ||    21
       Lightning rod     |       |       |       |       |     3 ||     3
       Phial of floods   |       |       |       |       |     1 ||     1
  Use: Scroll            |       |     6 |    13 |    11 |     2 ||    32
       Potion            |       |     3 |     6 |     3 |     5 ||    17
 Stab: Sleeping          |     1 |       |       |       |       ||     1
       Distracted        |       |       |     1 |       |       ||     1
       Paralysed         |       |       |       |    24 |     5 ||    29
       Confused          |       |       |       |     6 |       ||     6
  Eat: Chunk             |     2 |     6 |     3 |     2 |     1 ||    14
       Royal jelly       |       |     1 |       |     4 |       ||     5
       Meat ration       |       |       |     2 |     3 |     1 ||     6
Armor: Leather armour    |    18 |       |       |       |       ||    18
       Scale mail        |    11 |    79 |    61 |       |       ||   151
       Skin              |       |    39 |     2 |       |     1 ||    42
       Ring mail         |       |       |    15 |       |       ||    15
       Acid dragon scale |       |       |    11 |   180 |    25 ||   216
Dodge: Dodged            |    68 |   103 |   173 |   368 |    52 ||   764
Block: Buckler           |       |       |    47 |   134 |    25 ||   206
       Rpst.: Long sword |    19 |    27 |    60 |    95 |     8 ||   209
